 Dungeon Crawl Stone Soup version 0.14-a0-2071-g7172c92 (webtiles) character file.

343937 Piginabag the Severer (level 24, -10/175 HPs)
             Began as a Formicid Hunter on Jan 22, 2014.
             Was a High Priest of Nemelex Xobeh.
             Killed from afar by Mygna's ghost (14 damage)
             ... with a chain lightning
             ... on Level 2 of the Vaults on Jan 23, 2014.
             The game lasted 06:22:33 (61848 turns).

Piginabag the Severer (Formicid Hunter)            Turns: 61848, Time: 06:22:35

HP -10/175       AC 25     Str 33      XL: 24   Next:  7%
MP  29/37        EV 16     Int  8      God: Nemelex Xobeh [*****.]
Gold 3068        SH 46     Dex 22      Spells:  0 memorised, 23 levels left

rFire  + . .     SeeInvis +     U - +3 battleaxe (freeze)
rCold  . . .     Clarity  +     I - +3 chain mail "Kasesmiz" {rF+ Str+2}
rNeg   . . .     Conserve +     a - +0 elf large shield
rPois  .         rCorr    .     (helmet unavailable)
rElec  .         rRot     .     E - +1 cloak {MR+}
SustAb . .       Spirit   .     s - +0 pair of gloves {Dex+3}
rMut   .         Warding  .     A - +2 pair of boots
Saprov . . .     Stasis   +     B - amulet of conservation
MR     +++..                    L - ring of Vitality {Regen HP+15}
                                j - ring of Khoaret {rPois Str+3 Dex+4}

@: invisible, very slightly contaminated, extremely resistant to hostile
enchantments, extremely unstealthy
A: permanent stasis, dig shafts and tunnels, four strong arms, poison weakness,
antennae 3, beak, claws 1, slimy green scales 1, clarity, frail 1, spit poison
1, exoskeleton 1
a: Dig, Shaft Self, Spit Poison, Draw One, Peek at Two, Triple Draw, Deal Four,
Stack Five, Renounce Religion
}: 2/15 runes: decaying, gossamer


You were on level 2 of the Vaults.
You worshipped Nemelex Xobeh.
Nemelex Xobeh was extremely pleased with you.
You were near starving.

You visited 8 branches of the dungeon, and saw 44 of its levels.
You visited the Abyss 1 time.
You visited 1 bazaar.
You also visited: Labyrinth (2 times), Sewer, Bailey and Ice Cave.

You collected 4872 gold pieces.
You spent 1804 gold pieces at shops.

Inventory:

Hand weapons
 t - the +7,+5 great sword "Schicsu" {antimagic, rElec rC++ Int+4 Stlth+}
   (You took it off a deep elf summoner on level 3 of the Elven Halls)

   It disrupts the flow of magical energy around spellcasters and certain
   magical creatures (including the wielder).
   It affects your intelligence (+4).
   It greatly protects you from cold.
   It insulates you from electricity.
   It makes you much more stealthy.
 u - the +9,+7 great mace of Xeadozio {pain, rF++}
   (You found it in an ice cave)

   In the hands of one skilled in necromantic magic, it inflicts extra damage on
   living creatures.
   It greatly protects you from fire.
 U - a +3,+3 battleaxe of freezing (weapon)
 Z - the +0,+7 hand axe of Otaiwu {speed, rElec Str+3}
   (You took it off a deep elf fighter on level 3 of the Elven Halls)

   Attacks with this weapon are significantly faster, but cause slightly less
   damage.
   It affects your strength (+3).
   It insulates you from electricity.
Armour
 a - a +0 elven large shield (worn)
 k - a +0 gold dragon armour
 s - a +0 pair of gloves of dexterity (worn)
 A - a +2 pair of boots (worn)
 E - a +1 cloak of magic resistance (worn)
 G - a +2 plate armour of poison resistance
 I - the +3 chain mail "Kasesmiz" (worn) {rF+ Str+2}
   (You took it off a deep elf blademaster on level 3 of the Elven Halls)

   It affects your strength (+2).
   It protects you from fire.
Magical devices
 K - a wand of heal wounds (4)
 R - a wand of slowing (8)
 T - a wand of disintegration (4)
 V - a wand of invisibility (0)
 W - a wand of disintegration (13)
Comestibles
 M - a bread ration
 Q - 3 pieces of ambrosia
Scrolls
 e - 10 scrolls of identify
 f - 2 scrolls of recharging
 h - 16 scrolls of remove curse
 p - 2 scrolls of brand weapon
 y - a scroll of enchant armour
 D - a scroll of enchant weapon II
 N - 5 scrolls of fog
Jewellery
 j - the ring of Khoaret (left hand) {rPois Str+3 Dex+4}
   (You found it on level 7 of the Dungeon)

   [ring of poison resistance]

   It affects your strength (+3).
   It affects your dexterity (+4).
 B - an amulet of conservation (around neck)
 L - the ring of Vitality (right hand) {Regen HP+15}
   (You found it on level 16 of the Dungeon)

   [ring of regeneration]

   It affects your health (+15).
Potions
 i - 2 potions of heal wounds
 l - 7 potions of flight
 n - a potion of agility
 o - a potion of cure mutation
 q - 2 potions of lignification
 z - a potion of porridge
 F - 4 potions of curing
 S - a potion of resistance
 Y - a potion of invisibility
Miscellaneous
 c - an ornate deck of destruction {drawn: 1}
 d - a legendary deck of escape {the Tomb, left: 5}
 g - a legendary deck of destruction {drawn: 1}
 m - an ornate deck of destruction {drawn: 1}
 r - a legendary deck of summonings {Foxfire, left: 2}
 v - a lamp of fire
 w - a lamp of fire
 x - a box of beasts
 H - an ornate deck of destruction
 J - an ornate deck of escape {Velocity, left: 5}
 O - a disc of storms
 P - a plain deck of dungeons
 X - an ornate deck of destruction {drawn: 1}


   Skills:
 + Level 18.2 Fighting
 - Level 19.7 Axes
 - Level 1.1 Maces & Flails
   Level 0.6 Staves
   Level 4.0 Crossbows
 + Level 11.7 Armour
 + Level 11.3 Dodging
 - Level 1.2 Stealth
 + Level 14.3 Shields
   Level 4.9 Invocations
 - Level 14.3 Evocations


You had 23 spell levels left.
You didn't know any spells.

Dungeon Overview and Level Annotations

Branches:
Dungeon (16/16)            Temple (0/1) D:4             Orc (4/4) D:11
    Elf (3/3) Orc:3          Lair (8/8) D:8           Swamp (5/5) Lair:5
 Spider (5/5) Lair:3        Slime (0/6) Lair:8       Vaults (2/5) D:14
 Depths (1/6) D:16
  Crypt: Vaults:2-3  Forest: Vaults:2-3

Altars:
Cheibriados
Dithmengos
Elyvilon
Fedhas
Kikubaaqudgha
Nemelex Xobeh
Okawaru
Vehumet
Zin
the Shining One
Beogh
Jiyva

Shops:
D:16 %   Orc:3 (   Orc:4 /!}?   Elf:1 :

Portals:
Ziggurat: Lair:5
Trove: Elf:2 (show slimy rune of Zot)

Annotations:
Orc:4 exclusion: ice statue
Swamp:5 Lernaean hydra
Vaults:2 Mygna's ghost, mighty DrCj
Depths:1 Nikola


Innate Abilities, Weirdness & Mutations

Your are under a permanent stasis effect.
You can dig through walls and to a lower floor.
Your four strong arms can wield any weapon, most with a shield.
You are susceptible to poison.
You have a pair of large antennae on your head (SInv).
Your body is surrounded by an exoskeleton. (AC +1)
You have a beak for a mouth.
You have sharp fingernails.
You are partially covered in slimy green scales (AC +2).
You possess an exceptional clarity of mind.
You are frail (-10% HP).
You can spit poison.


Message History

Nemelex gives you another card to finish dealing.
You deal a card...
You have dealt Torment.
Your body is wracked with pain!
* * * LOW HITPOINT WARNING * * *
Your giant firefly convulses!
You are near starving!
You block Mygna's ghost's attack.
Drink which item? (? for menu, Esc to quit)
You feel much better.
Mygna's ghost casts a spell.
You hear a mighty clap of thunder!
The lightning arc hits you!
* * * LOW HITPOINT WARNING * * *
The lightning arc hits your giant firefly.
Your giant firefly dies!
Your giant firefly's corpse disappears in a puff of smoke!
The lightning arc hits you!
* * * LOW HITPOINT WARNING * * *
The lightning arc hits Mygna's ghost.
The lightning arc hits you!
You die...
Your body glows with a rainbow of weird colours and disappears.

#........#
#........#
######''''#####
#.........# #
#.........# p..
#.........# ....
#.........# .....
#.........#
#......#..p@ยง....#
#......'.k.......#
#......#'#########
....$.#.. .....
#... ### #....
#..... #......
#.....


You could see Mygna's ghost and a friendly giant firefly.

Vanquished Creatures
  Arachne (Spider:3)
  A deep elf master archer (Elf:3)
  A deep elf blademaster (Elf:3)
  Agnes (Vaults:1)
  A tentacled starspawn (Abyss:1)
  A frost giant (Bailey)
  Maud (Spider:1)
  3 deep elf sorcerers (Elf:3)
  3 vault wardens (Vaults:1)
  3 ghost moths
  A cacodemon (Abyss:1)
  5 emperor scorpions (Spider:5)
  A stone giant (Bailey)
  6 deep elf demonologists
  7 deep elf annihilators (Elf:3)
  Azrael (Vaults:1)
  An ettin (D:16)
  Snorg (Lair:6)
  A fire dragon (Vaults:1)
  A minotaur (Lab)
  7 deep elf death magi (Elf:3)
  5 deep elf high priests (Elf:3)
  2 yaktaur captains (Vaults:1)
  Harold (Orc:3)
  Josephine (D:12)
  15 hydras
  6 alligators
  4 rakshasas (D:16)
  7 death yaks (Lair:7)
  2 thrashing horrors (Abyss:1)
  A naga warrior (Bailey)
  A sun demon (Elf:1)
  2 spectral elves (Elf:3)
  5 centaur warriors
  2 very ugly things (Vaults:1)
  18 deep elf knights
  7 large abominations (Abyss:1)
  2 unseen horrors
  6 swamp dragons
  A spatial maelstrom (Abyss:1)
  4 harpies (D:16)
  6 ironbrand convokers
  7 hill giants
  Erolcha (D:10)
  4 wizards
  A giant amoeba (D:15)
  3 orc knights
  Joseph (D:7)
  14 deep elf conjurers
  6 cyclopes
  A spiny worm (Spider:2)
  3 griffons
  A fire giant zombie (D:16)
  2 orc sorcerers (Orc:4)
  An item mimic (Orc:4)
  2 moths of wrath
  7 red wasps
  A sixfirhy (Elf:2)
  30 wolf spiders
  6 black mambas
  13 deep elf summoners
  An apocalypse crab (Abyss:1)
  7 small abominations
  4 elephants
  A spriggan druid (Lair:8)
  2 orange demons (Abyss:1)
  An efreet (Abyss:1)
  Psyche (D:11)
  3 vapours
  28 spiny frogs
  A yaktaur (shapeshifter) (D:15)
  A raiju (Abyss:1)
  4 formicid venom magi
  12 orb spiders
  7 demonic crawlers
  6 yaktaurs
  An elf (shapeshifter) (D:15)
  A hellwing (Elf:3)
  15 deep elf priests
  Grinder (D:4)
  2 fire drakes
  A spriggan (shapeshifter) (D:16)
  A blue devil (Elf:3)
  8 spriggans (Lair:8)
  4 giant fireflies (Lair:8)
  4 trolls
  A polar bear (shapeshifter) (Vaults:1)
  A giant firefly (shapeshifter) (D:14)
  Sonja (Orc:4)
  8 komodo dragons
  15 polar bears
  A frost giant simulacrum (Vaults:1)
  24 jumping spiders
  Prince Ribbit (D:4)
  5 two-headed ogres
  7 giant leeches
  15 slime creatures
  8 baby alligators (Swamp:1)
  A bog body (Swamp:5)
  A grizzly bear (shapeshifter) (D:16)
  5 grizzly bears
  18 trapdoor spiders
  A griffon zombie (D:16)
  15 blink frogs
  An ice dragon skeleton (D:15)
  31 formicids
  30 ugly things
  2 ynoxinuls (Abyss:1)
  31 redbacks
  21 deep elf magi
  3 fire elementals (Vaults:1)
  26 tarantellas
  56 yaks
  6 sharks
  A chaos spawn (Elf:1)
  A wraith (Vaults:1)
  5 basilisks
  3 vampires (D:14)
  2 wyverns
  7 hippogriffs
  Grum (D:12)
  A fire bat (Abyss:1)
  27 deep elf fighters
  8 hungry ghosts
  A soldier ant (shapeshifter) (D:15)
  A hill giant skeleton (D:14)
  A neqoxec (Abyss:1)
  2 mottled dragons
  2 soldier ants
  A manticore (shapeshifter) (Elf:3)
  2 manticores
  42 vampire mosquitoes
  5 hell hounds
  7 porcupines
  A necrophage (D:12)
  45 wolves
  23 swamp worms
  4 orange crystal statues
  9 swamp drakes
  4 gargoyles (Lab)
  8 yellow wasps
  34 orc warriors
  2 sky beasts
  6 ice beasts
  4 black bears
  16 centaurs
  3 phantoms
  22 starcursed masses (Abyss:1)
  7 ogres
  8 giant goldfish
  A rotting devil (Elf:3)
  A boring beetle (Spider:4)
  7 big kobolds
  12 crocodiles
  11 giant slugs
  A lost soul (Elf:3)
  16 giant frogs
  A brain worm (Lair:6)
  A gnoll sergeant (D:10)
  Blork the orc (D:4)
  A silver statue (Lair:1)
  25 water moccasins
  12 agate snails
  27 insubstantial wisps
  5 eyes of draining
  A manticore skeleton (D:11)
  A glowing shapeshifter simulacrum (Vaults:1)
  3 cyclops skeletons
  9 wights
  16 killer bees
  2 troll skeletons
  6 jellyfish
  7 electric eels
  2 iron imps (Elf:2)
  19 crimson imps
  2 quasits
  A gnoll shaman (D:7)
  7 goliath beetles
  18 spiders
  8 big fish
  7 jellies
  A giant frog zombie (D:12)
  9 iguanas
  28 orc wizards
  18 hounds
  25 orc priests
  8 worker ants
  5 scorpions
  A cyclops simulacrum (D:12)
  4 orange rats
  An ogre zombie (D:11)
  7 sheep
  A brain worm zombie (D:16)
  An ogre skeleton (D:5)
  2 hound skeletons
  A mummy (D:9)
  3 lemures
  21 adders
  11 gnolls
  83 green rats
  8 giant centipedes
  A shadow imp (Abyss:1)
  2 white imps (Abyss:1)
  4 giant mites
  2 worms
  10 ufetubi
  An iguana zombie (D:6)
  2 orc zombies (Orc:4)
  An adder zombie (D:7)
  5 grey rats (Sewer)
  2 giant eyeballs
  11 giant geckos
  12 oozes (D:6)
  176 orcs
  44 bats
  8 giant cockroaches
  A giant mite zombie (D:8)
  23 goblins
  19 hobgoblins
  7 jackals
  4 training dummies (D:5)
  4 ball pythons
  8 giant newts
  A giant newt zombie (D:5)
  A giant spore (D:13)
  A hobgoblin skeleton (D:5)
  5 illusory rakshasas (D:16)
  37 kobolds
  4 orc skeletons
  16 quokkas
  23 rats
  2 ballistomycetes (D:13)
  6 fungi
  10 plants
1940 creatures vanquished.

Vanquished Creatures (collateral kills)
  Saint Roka (Orc:4)
  A deep elf blademaster (Elf:3)
  Roxanne (D:15)
  A vault warden (Vaults:1)
  A frost giant (IceCv)
  A deep elf annihilator (Elf:3)
  A deep elf death mage (Elf:3)
  A vault guard (Vaults:1)
  2 fire dragons (D:15)
  A minotaur (Lab)
  A yaktaur captain (D:15)
  9 hydras
  Erica (Orc:4)
  An orc high priest (Orc:4)
  9 death yaks (Lair:7)
  A very ugly thing (Lair:8)
  A centaur warrior (D:16)
  Nergalle (D:10)
  A wizard (D:15)
  A hell knight (D:16)
  3 deep elf knights
  4 swamp dragons (Swamp:5)
  An ironbrand convoker (Vaults:1)
  An unseen horror (D:16)
  A hill giant (D:12)
  An ice statue (IceCv)
  2 orc knights
  A spriggan (shapeshifter) (Vaults:1)
  3 orc sorcerers
  A wolf spider (D:16)
  5 slime creatures
  2 black mambas
  2 elephants (Lair:6)
  2 spiny frogs
  A spriggan druid (Lair:8)
  9 vapours (Lair:8)
  A komodo dragon (Lair:4)
  A demonic crawler (Spider:5)
  An orb spider (Spider:5)
  A fire drake (Swamp:5)
  A jumping spider (Spider:5)
  A minotaur zombie (Lab)
  A queen bee (D:12)
  2 trolls
  7 giant fireflies
  3 polar bears (IceCv)
  A boulder beetle (D:15)
  5 grizzly bears (Lair:8)
  5 blink frogs
  A ynoxinul (Orc:4)
  A trapdoor spider (Spider:5)
  10 yaks
  4 deep elf fighters
  2 vampire mosquitoes
  17 wolves
  14 orc warriors
  3 swamp worms
  3 yellow wasps
  A sky beast (D:9)
  A giant goldfish (Swamp:5)
  6 black bears (Lair:8)
  4 ogres
  3 crocodiles
  A giant frog (D:10)
  11 insubstantial wisps
  A cyclops zombie (D:12)
  2 water moccasins
  A yak zombie (D:12)
  A jellyfish (Swamp:1)
  A wight (D:12)
  A yak skeleton (D:12)
  9 killer bees
  A crimson imp (D:15)
  A hound (Lair:5)
  2 goliath beetles
  Crazy Yiuf (D:3)
  An iguana (D:10)
  A jelly (D:8)
  6 orc priests
  10 orc wizards (Orc:4)
  2 orange rats
  A yak simulacrum (D:12)
  A worker ant (D:5)
  A sheep (D:4)
  An adder (Lair:8)
  4 orc zombies (Orc:4)
  A giant centipede (D:12)
  An ufetubus (Lair:1)
  A worm (D:5)
  An adder skeleton (D:3)
  22 orcs
  2 goblins (D:8)
  3 hobgoblins
  A spectral orc (D:10)
269 creatures vanquished.

Vanquished Creatures (others)
  6 very ugly things
  A sun demon (Swamp:5)
  3 skeletal warriors
  3 griffons
  4 spiny frogs
  9 dancing weapons
  2 vapours (Lair:8)
  A fire drake (Swamp:5)
  7 giant fireflies
  A red devil (D:16)
  A spriggan (Lair:8)
  6 polar bears
  A blue devil (Swamp:5)
  3 komodo dragons
  An orb spider (Spider:5)
  4 basilisks
  8 vampire mosquitoes
  4 yaks
  A hog (Orc:4)
  4 ugly things
  A hippogriff (D:10)
  2 soldier ants (Elf:3)
  2 wolves (Orc:4)
  2 black bears
  An ice beast (D:9)
  A rotting devil (Swamp:5)
  16 yellow wasps
  A chimera (Swamp:5)
  A mermaid skeleton (Spider:5)
  A water moccasin (Lair:7)
  2 insubstantial wisps
  A yak skeleton (Lair:4)
  A jelly (D:13)
  A centaur skeleton (D:12)
  A water moccasin skeleton (Swamp:5)
  8 hounds
  2 orc wizards (Orc:4)
  4 orange rats
  2 sheep
  2 green rats
  2 lemures
  2 shadow imps
  A white imp (Spider:5)
  A giant gecko (Lair:1)
  A giant spore (D:15)
  A ballistomycete (D:15)
  4 butterflies
  5 fungi
  5 plants (Lair:7)
  2 starspawn tentacles (Abyss:1)
146 creatures vanquished.

Grand Total: 2355 creatures vanquished

Notes
Turn   | Place    | Note
--------------------------------------------------------------
     0 | D:1      | Piginabag, the Formicid Hunter, began the quest for the Orb.
     0 | D:1      | Reached XP level 1. HP: 13/13 MP: 1/1
   100 | D:1      | Reached XP level 2. HP: 14/19 MP: 2/2
   212 | D:1      | You fall through a shaft!
   283 | D:2      | Found a sparkling altar of Nemelex Xobeh.
   300 | D:2      | Reached XP level 3. HP: 25/25 MP: 3/3
   307 | D:2      | Became a worshipper of Nemelex Xobeh
   318 | D:2      | Gained mutation: You can spit poison. [potion of mutation]
   318 | D:2      | Gained mutation: You have sharp fingernails. [potion of mutation]
   318 | D:2      | Gained mutation: You are agile. (Dex +2) [potion of mutation]
   723 | D:1      | Received a gift from Nemelex Xobeh
   947 | D:1      | Reached skill level 1 in Evocations
  1242 | D:3      | Reached XP level 4. HP: 31/31 MP: 4/4
  1574 | D:3      | Acquired Nemelex Xobeh's first power
  1602 | D:3      | Noticed Crazy Yiuf
  1611 | D:3      | Noticed a wolf
  1617 | D:3      | Received a gift from Nemelex Xobeh
  1629 | D:3      | Killed Crazy Yiuf
  1842 | D:3      | Reached XP level 5. HP: 36/36 MP: 7/7
  1847 | D:3      | Found a radiant altar of Vehumet.
  2004 | D:4      | Noticed an ogre
  2014 | D:4      | Killed an ogre
  2045 | D:4      | Reached XP level 6. HP: 42/42 MP: 10/10
  2070 | D:4      | Found a staircase to the Ecumenical Temple.
  2085 | D:4      | Acquired Nemelex Xobeh's second power
  2091 | D:4      | Noticed Blork the orc
  2096 | D:4      | Killed Blork the orc
  2096 | D:4      | Reached skill level 5 in Evocations
  2267 | D:4      | Found a white marble altar of Elyvilon.
  2367 | D:4      | Noticed Grinder
  2374 | D:4      | Killed Grinder
  2374 | D:4      | Reached skill level 6 in Evocations
  2374 | D:4      | Reached XP level 7. HP: 35/49 MP: 12/14
  2526 | D:4      | Noticed Prince Ribbit
  2538 | D:4      | Killed Prince Ribbit
  2538 | D:4      | Reached skill level 5 in Fighting
  2538 | D:4      | Reached XP level 8. HP: 17/57 MP: 16/16
  2897 | D:4      | Received a gift from Nemelex Xobeh
  2986 | D:4      | Reached skill level 7 in Evocations
  2998 | D:4      | Found a glowing drain.
  3002 | Sewer    | Entered a sewer
  3542 | Sewer    | Lost mutation: You are agile. (Dex +2) [potion of mutation]
  3542 | Sewer    | Gained mutation: You are clumsy. (Dex -2) [potion of mutation]
  3542 | Sewer    | Gained mutation: You are partially covered in slimy green scales (AC +2). [potion of mutation]
  3797 | D:5      | Entered Level 5 of the Dungeon
  3817 | D:5      | Found an iron altar of Okawaru.
  3953 | D:5      | Reached XP level 9. HP: 39/64 MP: 19/19
  4253 | D:5      | Reached skill level 8 in Fighting
  4282 | D:5      | Acquired Nemelex Xobeh's third power
  4978 | D:6      | Found a blossoming altar of Fedhas.
  5102 | D:6      | Reached skill level 9 in Fighting
  5243 | D:6      | Noticed a slime creature
  5247 | D:6      | Received a gift from Nemelex Xobeh
  5262 | D:6      | Killed a slime creature
  5371 | D:6      | Reached skill level 10 in Fighting
  5535 | D:6      | Reached XP level 10. HP: 72/76 MP: 21/21
  5796 | D:7      | Noticed Joseph
  5820 | D:7      | Killed Joseph
  5822 | D:7      | Acquired Nemelex Xobeh's fourth power
  6028 | D:7      | You fall through a shaft!
  6045 | D:8      | Reached skill level 11 in Fighting
  6675 | D:8      | Found a staircase to the Lair.
  6852 | D:8      | Found a glowing silver altar of Zin.
  6981 | D:8      | Received a gift from Nemelex Xobeh
  7010 | D:8      | You fall through a shaft for 2 floors!
  7010 | D:10     | Entered Level 10 of the Dungeon
  7111 | D:9      | Reached skill level 12 in Fighting
  7275 | D:9      | Reached XP level 11. HP: 82/86 MP: 23/23
  7573 | D:9      | Acquired Nemelex Xobeh's fifth power
  7584 | D:9      | Received a gift from Nemelex Xobeh
  7617 | D:9      | Reached skill level 13 in Fighting
  8197 | D:9      | Found a glowing golden altar of the Shining One.
  8664 | D:8      | Reached skill level 10 in Evocations
  8864 | D:7      | Found an ancient bone altar of Kikubaaqudgha.
  8915 | D:7      | Got a glittering iron ring
  8918 | D:7      | Identified the ring of Khoaret {rPois Str+3 Dex+4} (You found it on level 7 of the Dungeon)
  9269 | D:7      | Received a gift from Nemelex Xobeh
  9976 | D:10     | Received a gift from Nemelex Xobeh
 10319 | D:10     | Noticed Erolcha
 10358 | D:10     | Killed Erolcha
 10473 | D:10     | Received a gift from Nemelex Xobeh
 10824 | D:10     | Noticed Nergalle
 10824 | D:10     | Reached skill level 14 in Fighting
 10833 | D:10     | Killed Nergalle
 10872 | D:10     | Received a gift from Nemelex Xobeh
 11316 | D:11     | Found a staircase to the Orcish Mines.
 11328 | D:11     | Received a gift from Nemelex Xobeh
 11634 | D:11     | Noticed a four-headed hydra
 11636 | D:11     | Killed a four-headed hydra
 11636 | D:11     | Reached XP level 12. HP: 97/97 MP: 25/25
 11779 | D:11     | Noticed Psyche
 11786 | D:11     | Killed Psyche
 11943 | D:11     | Noticed a cyclops
 11945 | D:11     | Killed a cyclops
 12112 | D:11     | Reached skill level 15 in Fighting
 12142 | D:12     | Received a gift from Nemelex Xobeh
 12392 | D:12     | Received a gift from Nemelex Xobeh
 12392 | D:12     | Noticed a bone dragon
 13003 | D:12     | Gained mutation: You possess an exceptional clarity of mind. [potion of beneficial mutation]
 13299 | D:12     | Received a gift from Nemelex Xobeh
 13348 | D:12     | Reached skill level 16 in Fighting
 13364 | D:12     | Noticed Grum
 13371 | D:12     | Killed Grum
 13402 | D:12     | Received a gift from Nemelex Xobeh
 13412 | D:12     | Found a roughly hewn altar of Beogh.
 13780 | D:12     | Reached skill level 1 in Axes
 14006 | D:12     | Noticed Josephine
 14020 | D:12     | Killed Josephine
 14347 | D:13     | Reached XP level 13. HP: 90/105 MP: 27/27
 14363 | D:13     | Received a gift from Nemelex Xobeh
 14648 | D:12     | Reached skill level 5 in Axes
 14921 | Orc:1    | Entered Level 1 of the Orcish Mines
 14951 | Orc:1    | Received a gift from Nemelex Xobeh
 15154 | Orc:1    | Received a gift from Nemelex Xobeh
 15631 | Orc:2    | Found a frozen archway.
 15712 | IceCv    | Entered an ice cave
 16096 | IceCv    | Gained mutation: You have large cloven feet. [potion of beneficial mutation]
 16097 | IceCv    | Gained mutation: You are resistant to hostile enchantments. [potion of beneficial mutation]
 16423 | IceCv    | Received a gift from Nemelex Xobeh
 17013 | IceCv    | Noticed a frost giant
 17026 | IceCv    | Killed a frost giant
 17026 | IceCv    | Reached skill level 1 in Shields
 17038 | IceCv    | Reached skill level 10 in Axes
 17103 | IceCv    | Got a slimy great mace
 17104 | IceCv    | Identified the +9,+7 great mace of Xeadozio {pain, rF++} (You found it in an ice cave)
 17106 | IceCv    | Received a gift from Nemelex Xobeh
 17498 | Orc:3    | Found a staircase to the Elven Halls.
 17727 | Orc:3    | Found a roughly hewn altar of Beogh.
 17744 | Orc:3    | Received a gift from Nemelex Xobeh
 17760 | Orc:3    | Noticed Harold
 17768 | Orc:3    | Killed Harold
 17768 | Orc:3    | Reached skill level 1 in Maces & Flails
 18015 | Orc:3    | Received a gift from Nemelex Xobeh
 18032 | Orc:3    | Found Pnairatu's Antique Weapon Shop.
 18036 | Orc:3    | Bought a crystal broad axe for 264 gold pieces
 18037 | Orc:3    | Identified the cursed +1,+0 broad axe "Cauppuir" {drain, rC+ Str-2} (You bought it in a shop on level 3 of the Orcish Mines)
 18356 | Orc:4    | Entered Level 4 of the Orcish Mines
 18356 | Orc:4    | Noticed Sonja
 18359 | Orc:4    | Killed Sonja
 18407 | Orc:4    | Found a labyrinth entrance.
 18407 | Orc:4    | Noticed Erica
 18414 | Orc:4    | Killed Erica
 18423 | Lab      | Entered a labyrinth
 18682 | Lab      | Reached XP level 14. HP: 77/112 MP: 28/28
 19030 | Lab      | Noticed a minotaur
 19047 | Lab      | Killed a minotaur
 19065 | Lab      | Got a distressingly furry ring mail
 19068 | Lab      | Identified the Papyrus of the Beginning (You found it in a labyrinth)
 19097 | Lab      | Gained mutation: You have a beak for a mouth. [potion of mutation]
 19097 | Lab      | Lost mutation: You have large cloven feet. [potion of mutation]
 19097 | Lab      | Lost mutation: You are clumsy. (Dex -2) [potion of mutation]
 19114 | Lab      | Identified the +3 ring mail of the Valley {rElec SInv Stlth--} (You found it in a labyrinth)
 19123 | Lab      | Reached skill level 5 in Armour
 19123 | Lab      | Reached XP level 15. HP: 117/117 MP: 28/28
 19126 | Lab      | Received a gift from Nemelex Xobeh
 19244 | Orc:4    | Noticed Saint Roka
 19246 | Orc:4    | Received a gift from Nemelex Xobeh
 19317 | Orc:4    | Killed Saint Roka
 19434 | Orc:4    | Received a gift from Nemelex Xobeh
 19465 | Orc:4    | Received a gift from Nemelex Xobeh
 19738 | Orc:4    | Received a gift from Nemelex Xobeh
 19764 | Orc:4    | Received a gift from Nemelex Xobeh
 20011 | Orc:4    | Received a gift from Nemelex Xobeh
 20026 | Orc:4    | Found Hot Uka's Distillery.
 20037 | Orc:4    | Found Eqocium's Magic Scroll Shoppe.
 20037 | Orc:4    | Found Tev Lotz's Gadget Shoppe.
 20042 | Orc:4    | Found Thitsod's Magical Wand Emporium.
 20246 | Orc:4    | Bought a scroll of fear for 42 gold pieces
 20249 | Orc:4    | Bought a wand of heal wounds (5) for 648 gold pieces
 20261 | Orc:4    | Received a gift from Nemelex Xobeh
 20494 | Orc:4    | Reached skill level 5 in Shields
 21034 | D:11     | Received a gift from Nemelex Xobeh
 21271 | Lair:1   | Entered Level 1 of the Lair of Beasts
 21360 | D:8      | Received a gift from Nemelex Xobeh
 22814 | Lair:2   | Got a polished dagger
 22815 | Lair:2   | Identified the +7,+3 dagger "Quxkoom" {elec, rF++} (You found it on level 2 of the Lair of Beasts)
 22844 | Lair:2   | Received a gift from Nemelex Xobeh
 23786 | Lair:3   | Received a gift from Nemelex Xobeh
 24017 | Lair:3   | Found a hole to the Spider Nest.
 25020 | Lair:4   | Received a gift from Nemelex Xobeh
 25032 | Lair:4   | Reached XP level 16. HP: 95/124 MP: 29/29
 25813 | Lair:4   | Received a gift from Nemelex Xobeh
 26480 | Lair:5   | Received a gift from Nemelex Xobeh
 26672 | Lair:5   | Reached skill level 5 in Dodging
 26694 | Lair:5   | Found a staircase to the Swamp.
 27507 | Lair:6   | Noticed Snorg
 27513 | Lair:6   | Received a gift from Nemelex Xobeh
 27523 | Lair:6   | Killed Snorg
 27655 | Lair:6   | Received a gift from Nemelex Xobeh
 28775 | Lair:6   | Received a gift from Nemelex Xobeh
 29181 | Lair:7   | Received a gift from Nemelex Xobeh
 30136 | Lair:7   | Reached skill level 15 in Axes
 30138 | Lair:7   | Received a gift from Nemelex Xobeh
 30530 | Lair:8   | Entered Level 8 of the Lair of Beasts
 30805 | Lair:8   | Received a gift from Nemelex Xobeh
 30983 | Lair:8   | Reached XP level 17. HP: 130/130 MP: 30/30
 31001 | Lair:8   | Found a viscous altar of Jiyva.
 31001 | Lair:8   | Found a staircase to the Slime Pits.
 31151 | Lair:8   | Received a gift from Nemelex Xobeh
 31435 | Lair:8   | Received a gift from Nemelex Xobeh
 31503 | Lair:8   | Received a gift from Nemelex Xobeh
 32564 | Lair:1   | Lost intelligence.
 32984 | D:13     | Received a gift from Nemelex Xobeh
 33238 | D:13     | Noticed a six-headed hydra
 33241 | D:13     | Killed a six-headed hydra
 33374 | D:13     | Reached XP level 18. HP: 137/137 MP: 31/31
 33907 | D:14     | Received a gift from Nemelex Xobeh
 34161 | D:14     | Found a gate to the Vaults.
 34903 | D:15     | Entered Level 15 of the Dungeon
 35162 | D:15     | Received a gift from Nemelex Xobeh
 35495 | D:15     | Noticed Roxanne
 35509 | D:15     | Received a gift from Nemelex Xobeh
 35512 | D:15     | Killed Roxanne
 35925 | D:15     | Reached skill level 10 in Shields
 35938 | D:15     | Received a gift from Nemelex Xobeh
 36014 | D:16     | Entered Level 16 of the Dungeon
 36819 | D:16     | Reached XP level 19. HP: 143/143 MP: 32/32
 37033 | D:16     | Received a gift from Nemelex Xobeh
 37133 | D:16     | Identified the Volume of Combat Magic
 37319 | D:16     | Found Garchicept's Food Shoppe.
 37396 | D:16     | Found a staircase to the Depths.
 37416 | D:16     | Received a gift from Nemelex Xobeh
 37809 | D:15     | Received a gift from Nemelex Xobeh
 37809 | D:15     | Reached skill level 17 in Axes
 38081 | D:15     | Received a gift from Nemelex Xobeh
 38134 | D:15     | Got a pitted falchion
 38135 | D:15     | Identified the +2,+7 falchion of Hyotol {slice, rPois} (You found it on level 15 of the Dungeon)
 38582 | Lair:5   | Received a gift from Nemelex Xobeh
 38677 | Swamp:1  | Entered Level 1 of the Swamp
 38795 | Lab      | Entered a labyrinth
 38852 | Lab      | Received a gift from Nemelex Xobeh
 39585 | Lab      | Got a wavering jade ring
 39627 | Lab      | Identified the ring of Duom {Wiz Str+3 Int+5} (You took it off a minotaur in a labyrinth)
 39636 | Lab      | Received a gift from Nemelex Xobeh
 39648 | Lair:5   | Reached XP level 20. HP: 150/150 MP: 27/32
 39649 | Lair:5   | Lost mutation: You are resistant to hostile enchantments. [helix card]
 39793 | Swamp:1  | Received a gift from Nemelex Xobeh
 40728 | Swamp:4  | Received a gift from Nemelex Xobeh
 41069 | Swamp:5  | Entered Level 5 of the Swamp
 41196 | Swamp:5  | Received a gift from Nemelex Xobeh
 41644 | Swamp:5  | Received a gift from Nemelex Xobeh
 41655 | Swamp:5  | Lost intelligence.
 44125 | Swamp:5  | Noticed the 27-headed Lernaean hydra
 44132 | Swamp:5  | Received a gift from Nemelex Xobeh
 44147 | Swamp:5  | Reached skill level 10 in Dodging
 44164 | Swamp:5  | HP: 7/166 [the 27-headed Lernaean hydra (11)]
 44164 | Swamp:5  | HP: 2/166 [the 27-headed Lernaean hydra (5)]
 44937 | Swamp:5  | Received a gift from Nemelex Xobeh
 45635 | Depths:1 | Entered Level 1 of the Depths
 45635 | Depths:1 | Noticed Nikola
 46135 | Elf:1    | Entered Level 1 of the Elven Halls
 46146 | Elf:1    | Reached skill level 10 in Armour
 46373 | Elf:1    | Received a gift from Nemelex Xobeh
 46498 | Elf:1    | Found Smodipt's Book Shop.
 47125 | Elf:1    | Received a gift from Nemelex Xobeh
 47612 | Elf:2    | Found a portal to a secret trove of treasure.
 47730 | Elf:2    | Received a gift from Nemelex Xobeh
 48022 | Elf:2    | Reached XP level 21. HP: 156/156 MP: 28/35
 48082 | Elf:2    | Reached skill level 1 in Invocations
 48405 | Orc:3    | Upgraded the game from 0.14-a0-2061-g6c6fb9c to 0.14-a0-2071-g7172c92
 48656 | Spider:1 | Entered Level 1 of the Spider Nest
 48689 | Spider:1 | Noticed Maud
 48720 | Spider:1 | Killed Maud
 48730 | Spider:1 | Received a gift from Nemelex Xobeh
 49350 | D:16     | Bought a meat ration for 44 gold pieces
 49350 | D:16     | Bought a bread ration for 44 gold pieces
 49350 | D:16     | Bought a meat ration for 44 gold pieces
 49350 | D:16     | Bought a choko for 4 gold pieces
 49350 | D:16     | Bought a choko for 4 gold pieces
 49350 | D:16     | Bought a choko for 4 gold pieces
 50648 | Spider:2 | Received a gift from Nemelex Xobeh
 50788 | Spider:1 | Received a gift from Nemelex Xobeh
 50868 | Spider:2 | Received a gift from Nemelex Xobeh
 50932 | Spider:2 | Received a gift from Nemelex Xobeh
 51052 | Spider:2 | Reached XP level 22. HP: 163/163 MP: 35/35
 51219 | Spider:2 | Received a gift from Nemelex Xobeh
 51506 | Spider:3 | Noticed Arachne
 51522 | Spider:3 | Received a gift from Nemelex Xobeh
 51541 | Spider:3 | Killed Arachne
 51541 | Spider:3 | Reached skill level 18 in Axes
 51881 | Spider:5 | Entered Level 5 of the Spider Nest
 51955 | Spider:5 | Received a gift from Nemelex Xobeh
 52075 | Spider:5 | Got an iridescent great sword
 52076 | Spider:5 | Identified the +5,+8 great sword "Grom" {flame, Dex+1} (You found it on level 5 of the Spider Nest)
 52083 | Spider:5 | Received a gift from Nemelex Xobeh
 52331 | Spider:5 | Received a gift from Nemelex Xobeh
 52358 | Spider:5 | Got a gossamer rune of Zot
 53373 | Lair:1   | Received a gift from Nemelex Xobeh
 53389 | Lair:1   | Received a gift from Nemelex Xobeh
 53754 | Swamp:5  | Got a decaying rune of Zot
 53818 | Swamp:4  | Received a gift from Nemelex Xobeh
 54290 | Vaults:1 | Entered Level 1 of the Vaults
 54461 | Vaults:1 | Received a gift from Nemelex Xobeh
 54911 | Elf:2    | Received a gift from Nemelex Xobeh
 55007 | Elf:2    | Received a gift from Nemelex Xobeh
 55207 | Elf:3    | Entered Level 3 of the Elven Halls
 55330 | Elf:3    | Received a gift from Nemelex Xobeh
 55877 | Elf:3    | Reached XP level 23. HP: 170/170 MP: 36/36
 56304 | Elf:3    | Received a gift from Nemelex Xobeh
 56595 | Elf:3    | Reached skill level 19 in Axes
 56750 | Elf:3    | Got a brightly glowing chain mail
 56797 | Elf:3    | Identified the +3 chain mail "Kasesmiz" {rF+ Str+2} (You took it off a deep elf blademaster on level 3 of the Elven Halls)
 56899 | Elf:3    | Received a gift from Nemelex Xobeh
 56942 | Elf:3    | Got a crystal hand axe
 56946 | Elf:3    | Identified the +0,+7 hand axe of Otaiwu {speed, rElec Str+3} (You took it off a deep elf fighter on level 3 of the Elven Halls)
 56958 | Elf:3    | Received a gift from Nemelex Xobeh
 56994 | Elf:3    | Got a bloodstained ring mail
 57013 | Elf:3    | Identified the +4 ring mail "Pnuut" {Acc+4 Stlth+} (You took it off a deep elf priest on level 3 of the Elven Halls)
 57052 | Elf:3    | Got an ancient great sword {antimagic}
 57053 | Elf:3    | Identified the +7,+5 great sword "Schicsu" {antimagic, rElec rC++ Int+4 Stlth+} (You took it off a deep elf summoner on level 3 of the Elven Halls)
 57438 | Elf:3    | Received a gift from Nemelex Xobeh
 57439 | Elf:3    | Cast into the Abyss (deep elf annihilator)
 57810 | Abyss:1  | Found an iron altar of Okawaru.
 57989 | Abyss:1  | Found a corrupted altar of Lugonu.
 58093 | Abyss:1  | Gained mutation: You are frail (-10% HP). [a cacodemon]
 58437 | Abyss:1  | Found a bloodstained altar of Trog.
 58465 | Elf:3    | Escaped the Abyss
 58544 | Elf:3    | Identified the Guide on Earth
 58677 | Elf:3    | Received a gift from Nemelex Xobeh
 59101 | Orc:4    | Bought a scroll of enchant armour for 66 gold pieces
 59187 | Orc:4    | Received a gift from Nemelex Xobeh
 59205 | Orc:4    | Received a gift from Nemelex Xobeh
 59210 | Bazaar   | Entered a bazaar
 59213 | Bazaar   | Found Naqaloij's Magic Scroll Boutique.
 59221 | Bazaar   | Found Byhaucuhu's Gadget Emporium.
 59227 | Bazaar   | Found Grum's General Store.
 59231 | Bazaar   | Found Okan's Armour Emporium.
 59247 | Bazaar   | Found Klyxiyps' General Store.
 59251 | Bazaar   | Bought a potion of curing for 22 gold pieces
 59251 | Bazaar   | Bought a scroll of brand weapon for 220 gold pieces
 59251 | Bazaar   | Bought a scroll of recharging for 60 gold pieces
 59275 | Bazaar   | Bought a +0 pair of gloves of dexterity for 109 gold pieces
 59299 | Bazaar   | Bought a scroll of enchant weapon II for 49 gold pieces
 59299 | Bazaar   | Bought a scroll of brand weapon for 180 gold pieces
 59324 | Bailey   | Entered a bailey
 59461 | Bailey   | Received a gift from Nemelex Xobeh
 59576 | Bailey   | Received a gift from Nemelex Xobeh
 59621 | Bailey   | Identified the Tome of Frigorific Protection
 59692 | Bailey   | Received a gift from Nemelex Xobeh
 59776 | Orc:4    | Received a gift from Nemelex Xobeh
 59837 | Orc:3    | Received a gift from Nemelex Xobeh
 60462 | Lair:1   | Received a gift from Nemelex Xobeh
 60718 | Vaults:1 | Noticed Azrael
 60734 | Vaults:1 | Killed Azrael
 60987 | Vaults:1 | Received a gift from Nemelex Xobeh
 61182 | Vaults:1 | Noticed Agnes
 61191 | Vaults:1 | Killed Agnes
 61191 | Vaults:1 | Reached XP level 24. HP: 140/160 MP: 29/37
 61213 | Vaults:1 | Received a gift from Nemelex Xobeh
 61826 | Vaults:2 | Noticed Mygna's ghost (mighty DrCj)
 61848 | Vaults:2 | HP: 4/175 [Mygna's ghost/chain lightning (26)]
 61848 | Vaults:2 | Killed from afar by Mygna's ghost

Action                   |  1- 3 |  4- 6 |  7- 9 | 10-12 | 13-15 | 16-18 | 19-21 | 22-24 || total
-------------------------+-------+-------+-------+-------+-------+-------+-------+-------++-------
Melee: Quarterstaff      |       |       |   299 |   209 |       |       |       |       ||   508
       Glaive            |       |       |       |     1 |       |       |       |       ||     1
       Battleaxe         |       |       |       |    98 |   843 |   957 |   817 |  1173 ||  3888
       Broad axe         |       |       |       |    38 |       |       |       |       ||    38
       Great mace        |       |       |       |       |     3 |     3 |    28 |       ||    34
       Unarmed           |       |       |       |       |     2 |       |       |     8 ||    10
       Hand axe          |       |       |       |       |       |       |       |    24 ||    24
 Fire: Crossbow          |    61 |    75 |    86 |   475 |     3 |       |       |       ||   700
Invok: Deal Four         |       |       |       |     1 |     1 |       |     8 |     4 ||    14
       Stack Five        |       |       |       |       |     4 |     4 |     4 |     5 ||    17
       Peek at Two       |       |       |       |       |    10 |     5 |     8 |    28 ||    51
       Draw One          |       |       |       |       |       |       |     4 |     3 ||     7
       Triple Draw       |       |       |       |       |       |       |     1 |       ||     1
 Abil: Dig               |       |       |       |     5 |    51 |    11 |    26 |    23 ||   116
Evoke: Deck              |       |     8 |    12 |    62 |    64 |    83 |   129 |   133 ||   491
       Wand              |       |       |       |     6 |       |     8 |    21 |     7 ||    42
       Lamp of fire      |       |       |       |     1 |     1 |       |     2 |     1 ||     5
       Box of beasts     |       |       |       |       |       |       |     3 |       ||     3
       Disc of storms    |       |       |       |       |       |       |       |     5 ||     5
  Use: Potion            |       |     1 |     6 |    11 |     7 |     2 |    19 |    16 ||    62
       Scroll            |       |       |       |    22 |     7 |     7 |    14 |     4 ||    54
 Stab: Paralysed         |       |       |     8 |     6 |       |       |       |     2 ||    16
       Confused          |       |       |     1 |       |       |       |       |       ||     1
       Distracted        |       |       |       |       |     3 |     2 |     2 |     2 ||     9
       Petrifying        |       |       |       |       |       |     1 |       |       ||     1
       Invisible         |       |       |       |       |       |       |     1 |       ||     1
